 Dungeon Crawl Stone Soup version 0.30-a0-393-g54b8e3be05 (webtiles) character file.

Game seed: 1994729748694971306

35291 flotson the Fighter (level 13, -5/95 HPs)
             Began as a Demonspawn Delver on Dec 6, 2022.
             Was a High Priest of Hepliaklqana.
             Slain by a death yak (16 damage)
             ... on level 4 of the Lair of Beasts.
             The game lasted 00:32:32 (13684 turns).

flotson the Fighter (Demonspawn Delver)            Turns: 13684, Time: 00:32:33

Health: -5/95      AC: 15    Str: 16    XL:     13   Next: 46%
Magic:  19/19      EV: 17    Int: 17    God:    Hepliaklqana [*****.]
Gold:   730        SH:  0    Dex: 18    Spells: 12/12 levels left

rFire   . . .      SeeInvis .    a - +3 woodcutter's axe {vorpal}
rCold   + . .      Faith    .    (shield currently unavailable)
rNeg    . . .      Spirit   .    J - +0 steam dragon scales
rPois   .          Reflect  .    Z - +2 hat {Int+3}
rElec   +          Harm     .    (cloak unavailable)
rCorr   .          Rampage  .    Q - +0 pair of gloves
Will    .....                    f - +0 pair of boots
Stlth   +++++.....               v - amulet of regeneration
HPRegen 1.15/turn                Y - ring of protection from cold
MPRegen 0.16/turn                e - ring "Ykkuj" {rElec AC+4}

@: lethally poisoned (-5 -> -6), studying 2 skills
A: reduced essence, thin skeletal structure 2, ignite blood 2, weakness stinger
3
a: Renounce Religion, Recall Ancestor, Ancestor Identity, Transference, Idealise


You were on level 4 of the Lair of Beasts.
You worshipped Hepliaklqana.
Hepliaklqana was extremely pleased with you.
You visited 3 branches of the dungeon, and saw 15 of its levels.
You also visited: Ossuary and Bailey.

You collected 860 gold pieces.
You spent 130 gold pieces at shops.

Inventory:

Hand Weapons
 a - the +3 woodcutter's axe (weapon) {vorpal}
   (You found it on level 8 of the Dungeon)

   It inflicts extra damage upon your enemies.
 b - a +1 antimagic longbow
 X - a +3 scimitar of flaming
Missiles
 l - 5 silver javelins
 z - 39 javelins (quivered)
 I - 20 poisoned darts
 S - 3 boomerangs of dispersal
 T - 5 curare-tipped darts
Armour
 f - a +0 pair of boots (worn)
 h - a +0 ring mail of cold resistance
 J - +0 steam dragon scales (worn)
 Q - a +0 pair of gloves (worn)
 Z - a +2 hat of intelligence (worn)
Jewellery
 e - the ring "Ykkuj" (right hand) {rElec AC+4}
   (You acquired it on level 10 of the Dungeon)

   [ring of protection]

   AC:        It affects your AC (+4).
   rElec:     It insulates you from electricity.
 v - an amulet of regeneration (around neck)
 Y - a ring of protection from cold (left hand)
Wands
 g - a wand of digging (3)
 j - a wand of flame (38)
 k - a wand of mindburst (6)
 D - a wand of quicksilver (12)
 M - a wand of iceblast (3)
 V - a wand of paralysis (4)
Scrolls
 c - a scroll of fog
 d - 4 scrolls of magic mapping
 m - 2 scrolls of vulnerability
 p - a scroll of torment {unknown}
 q - a scroll of enchant weapon {unknown}
 r - a scroll of summoning {unknown}
 t - 2 scrolls of silence
 x - 9 scrolls of teleportation
 y - 2 scrolls of butterflies
 A - 2 scrolls of blinking {unknown}
 H - 8 scrolls of enchant armour
 K - 2 scrolls of brand weapon {unknown}
 L - 3 scrolls of fear
 P - 3 scrolls of poison
 W - a scroll of noise {unknown}
Potions
 i - 5 potions of flight
 n - a potion of resistance
 o - 2 potions of invisibility
 s - 3 potions of lignification
 u - 5 potions of berserk rage
 w - 8 potions of curing
 B - 2 potions of attraction
 E - a potion of mutation
 F - 2 potions of haste
 G - 4 potions of heal wounds
 N - a potion of might
 U - 3 potions of cancellation
Miscellaneous
 C - a lightning rod (4/4)


   Skills:
 + Level 11.5 Fighting
 + Level 5.5 Axes
 + Level 5.2 Ranged Weapons
 + Level 9.8 Throwing
 + Level 8.6 Armour
 + Level 8.9 Dodging
 - Level 5.0 Stealth
 - Level 2.1 Shields
 - Level 8.0 Invocations
 + Level 9.5 Evocations


You had 12 spell levels left.
You didn't know any spells.
Your spell library contained the following spells:

 Spells                   Type           Power      Damage    Failure   Level
 Beastly Appendage        Tmut           0%         N/A       24%         1
 Magic Dart               Conj           0%         1d3       24%         1
 Searing Ray              Conj           0%         2d4       34%         2
 Wereblood                Tmut           0%         N/A       34%         2
 Call Canine Familiar     Summ           0%         N/A       56%         3
 Dazzling Flash           Conj/Hex       0%         N/A       56%         3
 Inner Flame              Hex/Fire       0%         N/A       56%         3
 Kindle Blastsparks       Fire/Tloc/Air  0%         2d10      56%         3
 Portal Projectile        Hex/Tloc       0%         N/A       56%         3
 Spider Form              Tmut/Pois      0%         N/A       56%         3
 Flame Wave               Conj/Fire      0%         2d4       93%         4
 Fulminant Prism          Conj/Hex       0%         3d5       93%         4
 Iskenderun's Mystic Bla  Conj/Tloc      0%         2d3       93%         4
 Leda's Liquefaction      Hex/Erth       0%         N/A       93%         4
 Sticky Flame             Conj/Fire      0%         2d3       93%         4
 Agony                    Necr           0%         N/A       100%        5
 Lee's Rapid Deconstruct  Erth           0%         3d4*      100%        5
 Silence                  Hex/Air        0%         N/A       100%        5


Dungeon Overview and Level Annotations

Branches:
Dungeon (10/15)            Temple (1/1) D:6            Lair (4/5) D:10
  Swamp (0/4) Lair:3       Spider (0/4) Lair:2          Orc (0/2) D:10
Ossuary (visited)          Bailey (visited)
  Slime: Lair:4-5

Altars:
Ashenzari
Cheibriados
Dithmenos
Fedhas
Gozag
Hepliaklqana
Kikubaaqudgha
Makhleb
Nemelex Xobeh
Okawaru
Qazlal
Ru
Sif Muna
Trog
Uskayaw
Vehumet
Wu Jian
Yredelemnul

Shops:
D:6 ?


Innate Abilities, Weirdness & Mutations

Your life essence is reduced to manifest your ancestor. (-10% HP)
You have a moderately thin skeletal structure. (Dex +4, Stealth++)
Your demonic aura often causes spilled blood to erupt in flames.
You have a sharp stinger which inflicts weakening toxins.


Message History

The death yak is engulfed in blazing flames.
The death yak gores you but does no damage.
The death yak closely misses you.
You hit the death yak. You tail-slap the death yak.
The death yak is severely wounded.
You slash the polar bear! You slash the death yak! You hit the death yak.
The sentinel's mark upon you fades away.
You feel sick. The death yak misses you.
The death yak is engulfed in blazing flames.
The death yak misses you.
The death yak is engulfed in blazing flames.
The death yak gores you.
The polar bear is engulfed in blazing flames.
The polar bear bites you but does no damage.
The polar bear barely misses you. x2
You hit the death yak.
The death yak is severely wounded.
You slash the polar bear! You hit the death yak. You barely miss the death yak.
You feel very sick.
The polar bear is engulfed in blazing flames.
You kill the polar bear!
The death yak gores you.
A yak comes into view.
The death yak is engulfed in blazing flames.
The death yak gores you!
* * * LOW HITPOINT WARNING * * *
The death yak is engulfed in blazing flames.
The death yak gores you!
* * * LOW HITPOINT WARNING * * *
You are too injured to fight recklessly!
As you read the scroll of fear, it crumbles to dust.
You assume a fearsome visage.
The yak looks frightened!
The death yak looks frightened!
The death yak resists with almost no effort. x2
The blink frog looks frightened! x2; You feel sick.
The blink frog blinks! x2
The death yak is engulfed in blazing flames. x2
The death yak misses you.
The death yak is engulfed in blazing flames.
The death yak gores you!
You die...

## ##### ### ##
.###P##.#.######..####.#
.......................
.........###.#........
......Y.####...##...#
+##..Y○@###..##.#...####
##..Y☼#...............
#.F........#.....#
+......#....#....#
#....§..#######...#
##....########....#
#.§..P###.)###...##P.
#....................
.....................


You could see 3 death yaks and a blink frog (fleeing).

Vanquished Creatures
  Gastronok (D:10)
  3 hydras (Lair:3)
  Erica (D:10)
  A death yak (Lair:3)
  A boulder beetle (Lair:3)
  Pikel (D:4)
  A deep elf pyromancer (D:7)
  Maurice (D:9)
  9 elephants
  2 black mambas
  4 cane toads
  3 komodo dragons
  2 polar bears
  A hornet (D:8)
  A troll (D:8)
  A dream sheep (Lair:2)
  9 blink frogs
  21 yaks
  3 wyverns
  3 vampire mosquitoes (D:10)
  2 steam dragons
  2 swamp worms (Lair:3)
  3 acid dragons
  Menkaure (D:6)
  15 water moccasins
  Duvessa (D:7)
  8 orc warriors
  4 sky beasts
  A black bear (D:5)
  An ice beast (D:7)
  2 ogres
  11 centaurs
  A phantom (D:6)
  11 wolves
  2 lemures (D:4)
  3 kobold brigands
  9 bullfrogs
  A necrophage (D:4)
  2 gnoll sergeants
  12 scorpions
  6 wights
  Dowan (D:7)
  A killer bee (D:7)
  6 howler monkeys
  2 centaur zombies (Ossuary)
  A human zombie (Ossuary)
  5 orc priests
  3 gnoll boudas
  3 jellies
  3 hounds
  3 iguanas (D:5)
  4 scorpion zombies (Ossuary)
  Natasha (thrice) (D:4)
  12 orc wizards
  4 mummies
  21 gnolls
  7 adders
  A shadow imp (D:7)
  An ufetubus (D:6)
  2 worms (D:2)
  4 dart slugs
  40 orcs
  7 ball pythons
  4 endoplasms
  5 giant cockroaches
  2 gnoll zombies (Ossuary)
  8 goblins
  10 hobgoblins
  10 kobolds
  A quokka (D:1)
  4 bats
  5 frilled lizards
  7 goblin zombies
  2 hobgoblin zombies (Ossuary)
  2 kobold zombies (Ossuary)
  2 orc zombies (Ossuary)
  6 rats
  A butterfly (D:6)
370 creatures vanquished.

Vanquished Creatures (collateral kills)
  Urug (Lair:2)
  The ghost of bchevrier the Protected, a novice GnWn of Hepliaklqana (D:6)
  2 elephants
  A torpor snail (Lair:3)
  2 komodo dragons
  2 polar bears
  6 blink frogs
  A shadow (D:10)
  A wyvern (Lair:2)
  7 yaks
  A vampire mosquito (D:10)
  3 swamp worms (Lair:3)
  3 water moccasins
  2 orc warriors
  An ice beast (D:6)
  A wolf (Lair:2)
  2 centaurs (Bailey)
  5 bullfrogs
  7 wights
  3 orc priests
  2 iguanas (Lair:3)
  2 gnolls
  An adder (D:9)
  7 orcs
  7 kobolds
71 creatures vanquished.

Vanquished Creatures (others)
  An orc warrior (Bailey)
  4 ancestors
  7 battlemagi
  6 fungi
  10 plants
28 creatures vanquished.

Grand Total: 469 creatures vanquished

Notes
Turn   | Place    | Note
-------+----------+-------------------------------------------
     0 | D:5      | flotson the Demonspawn Delver began the quest for the Orb.
     0 | D:5      | Reached XP level 1. HP: 18/18 MP: 1/1
     4 | D:5      | Noticed an iguana
    18 | D:5      | Noticed an iguana
    41 | D:5      | Noticed an iguana
   105 | D:4      | Gained mutation: Your demonic aura sometimes causes spilled
                  | blood to erupt in flames. [demonic ancestry]
   105 | D:4      | Reached XP level 2. HP: 24/24 MP: 2/2
   311 | D:3      | Found a radiant altar of Vehumet.
   440 | D:2      | Found a hide-covered altar of Uskayaw.
   649 | D:1      | Reached skill level 1 in Evocations
   781 | D:1      | Gained mutation: You have a small tail. [demonic ancestry]
   781 | D:1      | Reached XP level 3. HP: 29/29 MP: 3/3
  1128 | D:1      | Found a faded altar of an unknown god.
  1983 | D:2      | Reached skill level 1 in Armour
  2229 | D:2      | Reached skill level 1 in Throwing
  2270 | D:2      | Gained mutation: You have a tail ending in a sharp stinger.
                  | [demonic ancestry]
  2270 | D:2      | Reached XP level 4. HP: 7/35 MP: 4/4
  3530 | D:4      | Noticed a necrophage
  3553 | D:4      | Killed a necrophage
  3554 | D:4      | Reached skill level 5 in Stealth
  3554 | D:4      | Reached XP level 5. HP: 38/41 MP: 5/5
  3753 | D:4      | Noticed a lemure
  3753 | D:4      | Noticed a lemure
  3755 | D:4      | Noticed a lemure
  3756 | D:4      | Noticed Pikel
  3756 | D:4      | Noticed a lemure
  3757 | D:4      | Killed a lemure
  3820 | D:4      | Killed a lemure
  3822 | D:4      | Killed Pikel
  3823 | D:4      | Reached skill level 4 in Fighting
  3823 | D:4      | Gained mutation: Your demonic aura often causes spilled
                  | blood to erupt in flames. [demonic ancestry]
  3823 | D:4      | Reached XP level 6. HP: 45/49 MP: 6/6
  3823 | D:4      | Reached XP level 7. HP: 50/55 MP: 7/7
  3924 | D:4      | Noticed Natasha
  3926 | D:4      | Killed Natasha
  3934 | D:4      | Noticed Natasha
  3935 | D:4      | Killed Natasha
  4043 | D:4      | Noticed Natasha
  4047 | D:4      | Killed Natasha
  4277 | D:5      | Reached XP level 8. HP: 19/61 MP: 8/8
  4390 | D:5      | Reached skill level 5 in Fighting
  4816 | D:6      | Noticed Menkaure
  4844 | D:6      | Found Pigukhye's Magic Scroll Boutique.
  4916 | D:6      | Bought a scroll of identify for 26 gold pieces
  5165 | D:6      | Killed Menkaure
  5166 | D:6      | Reached skill level 6 in Fighting
  5166 | D:6      | Reached skill level 5 in Dodging
  5166 | D:6      | Reached skill level 5 in Evocations
  5166 | D:6      | Reached XP level 9. HP: 41/67 MP: 9/9
  5451 | D:6      | Found a staircase to the Ecumenical Temple.
  5460 | Temple   | Entered the Ecumenical Temple
  5667 | Temple   | Became a worshipper of Hepliaklqana the Forgotten
  5779 | D:6      | Found a runed translucent door.
  5782 | D:6      | Noticed bchevrier's ghost (novice GnWn)
  6026 | D:7      | Reached skill level 5 in Armour
  6046 | D:7      | Noticed Duvessa
  6049 | D:7      | Noticed Dowan
  6051 | D:7      | Killed Duvessa
  6053 | D:7      | Killed Dowan
  6054 | D:7      | Reached skill level 5 in Throwing
  6063 | D:7      | Found a sand-covered staircase.
  6073 | Ossuary  | Entered an ossuary
  6562 | Ossuary  | Reached skill level 7 in Fighting
  6858 | D:7      | Reached XP level 10. HP: 77/79 MP: 10/10
  6910 | D:7      | Noticed a deep elf pyromancer
  6991 | D:7      | Killed a deep elf pyromancer
  7319 | D:7      | Found a stormy altar of Qazlal.
  7362 | D:7      | Found a blossoming altar of Fedhas.
  7362 | D:7      | Found a broken altar of Ashenzari.
  7423 | D:7      | Found a shimmering blue altar of Sif Muna.
  7563 | D:8      | Found a flagged portal.
  7590 | D:8      | Reached skill level 1 in Invocations
  7625 | Bailey   | Entered a bailey
  7625 | Bailey   | Reached * piety under Hepliaklqana
  7714 | Bailey   | Reached skill level 1 in Shields
  8112 | Bailey   | Reached skill level 8 in Fighting
  8120 | Bailey   | Gained mutation: You have a somewhat thin skeletal
                  | structure. (Dex +2, Stealth+) [demonic ancestry]
  8120 | Bailey   | Reached XP level 11. HP: 60/77 MP: 13/13
  8433 | D:8      | Found the +3 woodcutter's axe {vorpal}
  8513 | D:8      | Paralysed by a hornet for 3 turns
  8874 | D:9      | Noticed Maurice
  8878 | D:9      | Killed Maurice
  8895 | D:9      | Reached ** piety under Hepliaklqana
  8897 | D:9      | Remembered your ancestor Wilburh as a battlemage
  8957 | D:9      | Found an ornate altar of the Wu Jian Council.
  9020 | D:9      | Found a sacrificial altar of Ru.
  9102 | D:9      | Reached skill level 1 in Ranged Weapons
  9700 | D:10     | Entered Level 10 of the Dungeon
  9716 | D:10     | Noticed Erica
  9720 | D:10     | Killed Erica
  9831 | D:10     | Noticed Gastronok
  9850 | D:10     | Killed Gastronok
  9933 | D:10     | Found a staircase to the Orcish Mines.
  9950 | D:10     | Reached skill level 9 in Fighting
 10023 | D:10     | Found a staircase to the Lair.
 10069 | D:10     | Reached *** piety under Hepliaklqana
 10096 | D:10     | Identified 3 scrolls of acquirement
 10100 | D:10     | Acquired the ring "Ykkuj" {rElec AC+4}
 10103 | D:10     | Acquired a manual of Throwing
 10105 | D:10     | Acquired a +1 antimagic longbow
 10437 | D:10     | Found a basalt altar of Yredelemnul.
 10630 | D:6      | Bought a scroll of identify for 26 gold pieces
 10630 | D:6      | Bought a scroll of identify for 26 gold pieces
 10630 | D:6      | Bought a scroll of fear for 52 gold pieces
 10684 | D:6      | Killed bchevrier's ghost
 10685 | D:6      | Reached skill level 5 in Invocations
 10757 | Lair:1   | Entered Level 1 of the Lair of Beasts
 10891 | Lair:1   | Gained mutation: You have a sharp stinger which inflicts
                  | weakening toxins. [demonic ancestry]
 10891 | Lair:1   | Reached XP level 12. HP: 85/86 MP: 5/16
 11568 | Lair:2   | Noticed Urug
 11572 | Lair:2   | Killed Urug
 11705 | Lair:2   | Reached skill level 10 in Fighting
 11705 | Lair:2   | Reached **** piety under Hepliaklqana
 11873 | Lair:2   | Found a hole to the Spider Nest.
 12538 | Lair:3   | Noticed an eight-headed hydra
 12546 | Lair:3   | HP: 4/88 [seven-headed hydra (3)]
 12622 | Lair:3   | Killed a six-headed hydra
 12680 | Lair:3   | Noticed a death yak
 12686 | Lair:3   | Killed a death yak
 12909 | Lair:3   | Gained mutation: You have a moderately thin skeletal
                  | structure. (Dex +4, Stealth++) [demonic ancestry]
 12909 | Lair:3   | Reached XP level 13. HP: 84/94 MP: 18/18
 12979 | Lair:3   | Reached skill level 5 in Axes
 12983 | Lair:3   | Reached skill level 11 in Fighting
 13131 | Lair:3   | Found a staircase to the Swamp.
 13585 | Lair:4   | Reached ***** piety under Hepliaklqana
 13620 | Lair:4   | Reached skill level 5 in Ranged Weapons
 13684 | Lair:4   | Slain by a death yak

Illustrated notes

Levels and vault maps discovered:
D:1:      dpeg_arrival_rhombi, layout_loops_corners,
          nicolae_ecumenical_lake_church, minivault_5, corexii_corridor_pit,
          st_stairs_2
D:2:      layout_basic, basic_altar, serial_bayou_pond_d
D:3:      layout_basic, mainiacjoe_overflow_tiny_flanked,
          chequers_serial_rivers_micro_a, hangedman_decor_growths
D:4:      layout_cave_pods, grunt_ministairs_12, uniq_natasha, uniq_pikel
D:5:      layout_rooms, minmay_fountain_box, uniq_eustachio
D:6:      layout_basic, minmay_temple_entry_butterflies,
          ebering_ghost_reflecting_pool, serial_shops, nicolae_square_shop,
          uniq_menkaure
D:7:      minmay_chambers_of_sevens, layout_rooms, tgw_sif,
          gammafunk_temple_overflow_wave, nicolae_qazlal_style_of_elements,
          nicolae_ossuary_entry_giza, uniq_duvessa
D:8:      layout_basic, enter_bailey_4, chequers_serial_rivers_marsh
D:9:      layout_stronghold, nicolae_ru_great_annihilating_truth,
          pdpol_wu_jian_five_deadly_venoms, uniq_maurice
D:10:     layout_loops_ring, mainiacjoe_overflow_six_doors_small,
          lair_entry_dummy, david_orc_1_choice, uniq_gastronok, uniq_erica
Temple:   minmay_temple_curvy_branch
Lair:1:   layout_chaotic_city
Lair:2:   nzn_winding_woodlands_small [nzn_winding_woodlands_5x15_jagged,
          nzn_winding_woodlands_center_lodge,
          nzn_winding_woodlands_5x15_longhouse], layout_gridlike,
          spider_nest_entry_web_field, minivault_11,
          grunt_forest_small_clearings, uniq_urug
Lair:3:   layout_long_grid, palyth_hydra_swamp_entry, lemuel_fruit_tree
Lair:4:   layout_regular_city, chequers_serial_rivers_small_a,
          infiniplex_staircase_pool_2

Skill      XL: |  1  2  3  4  5  6  7  8  9 10 11 12 13 |
---------------+----------------------------------------+-----
Dodging        | 2 3 4 5 6 7 8 |  8.9
Evocations     | 1 3 5 6 7 8 9 |  9.5
Armour         | 1 3 4 5 6 7 8 |  8.6
Throwing       | 1 2 3 4 5 6 7 9 |  9.8
Stealth        | 5 |  5.0
Fighting       | 4 6 7 8 9 10 11 | 11.5
Invocations    | 3 5 7 8 |  8.0
Shields        | 2 |  2.1
Axes           | 3 4 5 |  5.5
Ranged Weapons | 3 4 5 |  5.2

Action                   |  1- 3 |  4- 6 |  7- 9 | 10-12 | 13-15 || total
-------------------------+-------+-------+-------+-------+-------++-------
Melee: Hand axe          |   114 |    72 |       |       |       ||   186
       Punch             |     1 |       |       |       |       ||     1
       Tailslap          |     9 |    10 |     4 |    21 |    20 ||    64
       Whip              |       |       |    27 |       |       ||    27
       Battleaxe         |       |       |       |    91 |    84 ||   175
       Scimitar          |       |       |       |     2 |     4 ||     6
 Fire: Arbalest          |       |    23 |   412 |   364 |       ||   799
       Longbow           |       |       |       |   107 |       ||   107
Throw: Javelin           |       |       |       |    20 |     6 ||    26
Invok: Recall Ancestor   |       |       |       |     1 |       ||     1
       Ancestor Life: Ba |       |       |       |     1 |       ||     1
Evoke: Wand              |       |       |     1 |       |       ||     1
  Use: Potion            |     1 |       |       |       |       ||     1
       Scroll            |       |     1 |     1 |    25 |     1 ||    28
 Stab: Sleeping          |     9 |     6 |       |     3 |     1 ||    19
       Distracted        |       |       |       |     2 |       ||     2
Armor: Ring mail         |    33 |    33 |   105 |       |       ||   171
       Steam dragon scal |       |       |   102 |    95 |    49 ||   246
Dodge: Dodged            |    61 |    53 |   352 |   322 |    77 ||   865

Table legend: (Time is in decaauts)
 A = Elapsed time spent in this place.
 B = Non-inter-level travel time spent in this place.
 C = Inter-level travel time spent in this place.
 D = Time resting spent in this place.
 E = Time spent auto-exploring this place.
 F = Levels seen in this place.
 G = Mean time per level.
                   A        B        C        D        E       F      G
               +--------+--------+--------+--------+--------+-----+--------+
         Total |  14584 |  14058 |    526 |     97 |  10233 |  17 |  857.9 |
       Dungeon |   9936 |   9479 |    457 |     35 |   7077 |  10 |  993.6 |
        Temple |    229 |    207 |     22 |      0 |    202 |   1 |  229.0 |
          Lair |   2988 |   2942 |     46 |     34 |   2325 |   4 |  747.0 |
       Ossuary |    734 |    734 |      0 |     28 |    263 |   1 |  734.0 |
        Bailey |    695 |    695 |      0 |      0 |    366 |   1 |  695.0 |
               +--------+--------+--------+--------+--------+-----+--------+

Top non-repeatable levels by time:
     D:1: 1314 daAuts
     D:6: 1288 daAuts
  Lair:3: 1198 daAuts
     D:2: 1155 daAuts
     D:7: 1150 daAuts
    D:10: 970 daAuts
  Lair:2: 932 daAuts
     D:4: 931 daAuts
     D:9: 913 daAuts
     D:8: 807 daAuts
     D:3: 794 daAuts
  Lair:1: 757 daAuts
 Ossuary: 734 daAuts
  Bailey: 695 daAuts
     D:5: 609 daAuts
